 Dungeon Sprint DCSS version 0.30-a0-808-g6e0788376e (webtiles) character file.

Game seed: 17746497275106803621

205 rocky1 the Grappler (level 5, -20/53 HPs)
             Began as a Troll Gladiator on Feb 26, 2023.
             Was an Initiate of Cheibriados.
             Demolished by a komodo dragon (28 damage)
             ... in the Dungeon (Sprint IX: "|||||||||||||||||||||||||||||").
             The game lasted 00:01:16 (225 turns).

rocky1 the Grappler (Troll Gladiator)                Turns: 225, Time: 00:01:17

Health: -20/53     AC:  5    Str: 31    XL:     5   Next: 52%
Magic:  4/4        EV: 12    Int:  5    God:    Cheibriados [......]
Gold:   0          SH:  0    Dex: 12    Spells: 4/4 levels left

rFire   . . .      SeeInvis .      - Unarmed
rCold   . . .      Faith    .    (no shield)
rNeg    . . .      Spirit   .    a - +0 robe
rPois   .          Reflect  .    b - +0 hat
rElec   .          Harm     .    m - +0 cloak
rCorr   .          Rampage  .    (gloves unavailable)
Will    .....      NoTele   +    (boots unavailable)
Stlth   +                        (no amulet)
HPRegen 1.08/turn                n - +3 ring of strength
MPRegen 0.09/turn                o - +3 ring of strength

@: invisible, very slow
A: large, unfitting armour, claws 3, regeneration 1, shaggy fur 1, tough skin 1
a: Renounce Religion


You were in the Dungeon.
You worshipped Cheibriados.
Cheibriados was noncommittal.
You visited 1 branch

Inventory:

Missiles
 c - 3 throwing nets (quivered)
 d - a large rock
Armour
 a - a +0 robe (worn)
 b - a +0 hat (worn)
 m - a +0 cloak (worn)
Jewellery
 n - a +3 ring of strength (left claw)
 o - a +3 ring of strength (right claw)
Wands
 l - a wand of light (10)
Scrolls
 j - 2 scrolls of blinking
 k - 2 scrolls of amnesia
Potions
 e - 5 potions of curing
 f - 2 potions of heal wounds
 h - 4 potions of magic


   Skills:
 + Level 3.1 Fighting
 + Level 3.7 Throwing
 + Level 6.3 Dodging
 + Level 8.2 Unarmed Combat


You had 4 spell levels left.
You didn't know any spells.
Your spell library was empty.

Dungeon Overview and Level Annotations

Branches:
Dungeon (1/1)

Altars:
Cheibriados
Dithmenos
Elyvilon
Fedhas
Gozag
Hepliaklqana
Kikubaaqudgha
Makhleb
Nemelex Xobeh
Okawaru
Qazlal
Ru
Sif Muna
Trog
Uskayaw
Vehumet
Wu Jian
Xom
Yredelemnul
Zin
The Shining One
Jiyva
Lugonu


Innate Abilities, Weirdness & Mutations

You are too large for most types of armour.
You have claws for hands.
Your natural rate of healing is unusually fast.
You are covered in fur. (AC +1)
You have tough skin. (AC +1)


Message History

Anything else - Cancel.
Okay, then.
Okay, then.
You see here a +0 cloak.
m - a +0 cloak You start putting on your armour.
You continue putting on your +0 cloak. x4
You finish putting on your +0 cloak.
You see here a +0 pair of gloves.
You see here a +1 scale mail.
n - a +3 ring of strength
o - a +3 ring of strength
Okay, then.
You drop a potion of haste.
You feel stronger.
n - a +3 ring of strength (left claw)
You feel stronger.
o - a +3 ring of strength (right claw) Unknown command.
As you open the door, it creaks loudly!
A vampire, an orc wizard, 2 yaks, a wraith and a komodo dragon come into view.
The yak bellows!
The komodo dragon hisses angrily.
The yak bellows!
You claw the komodo dragon!
The komodo dragon is lightly wounded.
The komodo dragon bites you!!
Ouch! That really hurt!
You closely miss the komodo dragon.
The komodo dragon is lightly wounded.
The komodo dragon bites you!!
* * * LOW HITPOINT WARNING * * *
The vampire gestures wildly while chanting.
The vampire flickers and vanishes!
Deactivating autopickup; reactivate with Ctrl-A.
You feel much better. The komodo dragon bites you!!
Ouch! That really hurt!
* * * LOW HITPOINT WARNING * * *
You fade into invisibility!
The komodo dragon bites you!!
Ouch! That really hurt!
You die...

▓.▓
▓{▓
▓Y▓
▓o▓
▓Y▓
▓W▓
▓l▓
▓@▓
▓.▓
▓[▓
▓[▓
▓.▓
▓.▓
▓)▓
▓.▓
▓.▓


You could see a komodo dragon (unable to see you), 2 yaks, a wraith and an orc
wizard (unable to see you).

Vanquished Creatures
  An ice beast (D)
  A scorpion (D)
  2 iguanas (D)
  A dart slug (D)
  2 ball pythons (D)
  An endoplasm (D)
  A giant cockroach (D)
  A jackal (D)
10 creatures vanquished.

Notes
Turn   | Place    | Note
-------+----------+-------------------------------------------
     0 | D        | rocky1 the Troll Gladiator began the quest for the Orb.
     0 | D        | Reached XP level 1. HP: 19/19 MP: 0/0
    25 | D        | Noticed an ice beast
    25 | D        | Noticed an iguana
    25 | D        | Noticed an iguana
    25 | D        | Noticed a scorpion
    30 | D        | Reached skill level 4 in Unarmed Combat
    30 | D        | Reached XP level 2. HP: 27/28 MP: 1/1
    33 | D        | Killed a scorpion
    34 | D        | Reached skill level 5 in Unarmed Combat
    34 | D        | Reached XP level 3. HP: 36/36 MP: 2/2
    36 | D        | Reached skill level 6 in Unarmed Combat
    36 | D        | Reached XP level 4. HP: 44/44 MP: 3/3
    38 | D        | Reached skill level 5 in Dodging
    43 | D        | Killed an ice beast
    44 | D        | Reached skill level 8 in Unarmed Combat
    44 | D        | Reached XP level 5. HP: 48/53 MP: 4/4
    47 | D        | Found a snail-covered altar of Cheibriados.
    47 | D        | Found a shadowy altar of Dithmenos.
    47 | D        | Found a white marble altar of Elyvilon.
    47 | D        | Found a blossoming altar of Fedhas.
    47 | D        | Found an opulent altar of Gozag.
    48 | D        | Found a hazy altar of Hepliaklqana.
    49 | D        | Found a viscous altar of Jiyva.
   171 | D        | Found an ancient bone altar of Kikubaaqudgha.
   173 | D        | Became a worshipper of Cheibriados the Contemplative
   174 | D        | Found a corrupted altar of Lugonu.
   175 | D        | Found a burning altar of Makhleb.
   176 | D        | Found a sparkling altar of Nemelex Xobeh.
   177 | D        | Found an iron altar of Okawaru.
   178 | D        | Found a stormy altar of Qazlal.
   179 | D        | Found a sacrificial altar of Ru.
   180 | D        | Found a shimmering blue altar of Sif Muna.
   181 | D        | Found a bloodstained altar of Trog.
   182 | D        | Found a hide-covered altar of Uskayaw.
   183 | D        | Found a radiant altar of Vehumet.
   184 | D        | Found an ornate altar of the Wu Jian Council.
   185 | D        | Found a shimmering altar of Xom.
   186 | D        | Found a basalt altar of Yredelemnul.
   187 | D        | Found a glowing silver altar of Zin.
   188 | D        | Found a glowing golden altar of the Shining One.
   221 | D        | Noticed a vampire
   221 | D        | Noticed a yak
   221 | D        | Noticed a yak
   221 | D        | Noticed a wraith
   221 | D        | Noticed a komodo dragon
   225 | D        | Demolished by a komodo dragon

Illustrated notes

Levels and vault maps discovered:
D:        linesprint [early_d, line_temple, items_1, d_10, items_2, lair_1,
          lair_end, items_3, orc_1, orc_end, items_4, d_15, swamp_1, shoals_1,
          snake_1, spider_1, d_20, vaults_1, items_5, swamp_end, shoals_end,
          snake_end, spider_end, vaults_end, d_27, items_6, zot_1, zot_end,
          crypt_end, forest_end, elf_end, slime_end, tomb_end, abyss_end,
          pan_hell_end]

Skill      XL: |  1  2  3  4 |
---------------+-------------+-----
Throwing       | 2 3 |  3.7
Dodging        | 3 4 6 |  6.3
Unarmed Combat | 4 5 6 8 |  8.2
Fighting       | 2 3 |  3.1

Action                     |  1- 3 |  4- 6 || total
---------------------------+-------+-------++-------
  Melee: Unarmed           |    22 |     9 ||    31
         Punch             |     1 |       ||     1
    Use: Potion            |     1 |     2 ||     3
 Armour: Robe              |     1 |     2 ||     3
  Dodge: Dodged            |     8 |     1 ||     9

Table legend: (Time is in decaauts)
 A = Elapsed time spent in this place.
 B = Non-inter-level travel time spent in this place.
 C = Inter-level travel time spent in this place.
 D = Time resting spent in this place.
 E = Time spent auto-exploring this place.
 F = Levels seen in this place.
 G = Mean time per level.
                   A        B        C        D        E       F      G
               +--------+--------+--------+--------+--------+-----+--------+
         Total |    233 |    233 |      0 |    125 |      0 |   1 |  233.0 |
       Dungeon |    233 |    233 |      0 |    125 |      0 |   1 |  233.0 |
               +--------+--------+--------+--------+--------+-----+--------+

Top non-repeatable levels by time:
       D: 233 daAuts
